AoeStats
← abrahambeal

Black Forest

505511375Analyzed
1v1 RM · 24d ago on Sep 9, 2026· 135m 52s· 2 players
Game mode
Random Map
Map size
Tiny (2 player)
Population
200
Speed
Normal
Resources
Standard
Victory
Conquest
Starting age
Dark Age
Ending age
Imperial Age
RankedLock teamsTeams togetherTeam positionsShared explorationLock speedFull tech treeHidden civsTurbo modeCheats
Victory
Defeat
🇸🇪 Goths · Sweden
596
+14
🇬🇧 Franks · United Kingdom
560
-27
abrahambeal
7:11 Loom
13:18 Feudal Age
11:34 Loom
23:13 Scale Barding Armor
23:21 Forging
23:29 Double-Bit Axe
23:38 Gold Mining
26:12 Wheelbarrow
25:24 Town Watch
29:44 Castle Age
28:18 Town Watch
31:50 Husbandry
31:11 Light Cavalry
32:16 Chain Barding Armor
32:32 Iron Casting
33:14 Bow Saw
34:14 Masonry
36:37 Hand Cart
38:49 Gold Shaft Mining
42:02 Imperial Age
39:33 Town Patrol
42:40 Murder Holes
43:17 Architecture
43:31 Plate Barding Armor
43:33 Stone Mining
44:58 Blast Furnace
45:05 Cavalier
47:00 Paladin
48:42 Chivalry
54:39 Heavy Scorpion
60:09 Siege Engineers
60:18 Fortified Wall
75:22 Hoardings
79:35 Elite Throwing Axeman
81:17 Conscription
82:09 Padded Archer Armor
84:00 Leather Archer Armor
97:50 Fletching
107:35 #83
keriker
0:34 Loom
14:16 Feudal Age
14:44 Horse Collar
14:54 Double-Bit Axe
21:45 Castle Age
20:19 Stone Mining
22:03 Gold Mining
24:17 Bow Saw
27:26 Heavy Plow
31:54 Imperial Age
30:44 Wheelbarrow
33:02 Hand Cart
33:01 Town Watch
34:54 Stone Shaft Mining
35:01 Forging
34:51 Scale Mail Armor
36:25 Conscription
36:07 Anarchy
36:09 Perfusion
39:08 Town Patrol
40:19 Crop Rotation
40:54 Two-Man Saw
40:29 Elite Huskarl
41:45 Squires
41:07 Pikeman
42:09 Halberdier
49:57 Iron Casting
49:37 Chain Mail Armor
49:51 Ballistics
50:32 Chemistry
53:01 Blast Furnace
52:02 Padded Archer Armor
51:53 Fletching
54:43 Leather Archer Armor
54:24 Bodkin Arrow
95:32 Spies/Treason
122:24 Onager
Connection lost

Rejoining the realm…

Still unreachable

The connection could not be restored.

Session expired

The server has moved on; the page needs a fresh start.